cohdb
Replays
Latest Replays
All Replays
Popular Replays
Top Player Replays
Match Explorer
How It Works
Community
CoH3 Stats
Reddit
Sign in to upload your games and track your stats! →
Sign in with Steam
Match 47233996
Unlisted
Match 47233996
Overview
Messages
Build Orders
End
Construct Infanterie Kompanie
Selects Mechanized Battlegroup
MG 42 Machine Gun Team
Grenadier Squad
Grenadier Squad
Grenadier Squad
Medical Station
Selects Mobile Repair Stations
Construct Luftwaffe Kompanie
Jäger Squad
Support Elements
Marder III M Tank Destroyer
Selects Raid Package
Selects 8 Rad Armored Car
Marder III M Tank Destroyer
Medical Bunker
Forward Retreat Point
Flak 30 Anti-aircraft Gun Team
Selects Wespe Self-propelled Artillery
Wespe Self-propelled Artillery
128
义がSpyあい义
alstroemeria
[DGM] Miloolim
crywo1f
Oncle-Hô
0
0
Comments
sign in to comment!
No comments posted yet!